 Dungeon Crawl Stone Soup version 0.30-a0-782-ge64f9170bb (webtiles) character file.

Game seed: 11700724688224860023

8098 HoaS the Marksdemigod (level 10, -10/73 HPs)
             Began as a Demigod Hunter on Mar 16, 2023.
             Mangled by a skyshark (22 damage)
             ... on level 1 of the Lair of Beasts.
             The game lasted 00:15:58 (9339 turns).

HoaS the Marksdemigod (Demigod Hunter)              Turns: 9339, Time: 00:15:58

Health: -10/73     AC:  8    Str: 18    XL:     10   Next: 77%
Magic:  13/13      EV: 13    Int: 11    God:
Gold:   655        SH:  5    Dex: 29    Spells: 9/9 levels left

rFire   + . .      SeeInvis .    w - +1 shortbow (freeze)
rCold   . . .      Faith    .    (shield currently unavailable)
rNeg    . . .      Spirit   .    z - +0 leather armour {rF+}
rPois   .          Reflect  +    d - +2 helmet
rElec   .          Harm     .    (no cloak)
rCorr   .          Rampage  .    A - +1 pair of gloves
Will    +....                    (no boots)
Stlth   ++                       y - amulet of reflection
HPRegen 0.32/turn                e - +4 ring of slaying
MPRegen 0.13/turn                x - +6 ring of strength

@: no status effects
A: high MP 1, forlorn, divine attributes
a: no special abilities


You were on level 1 of the Lair of Beasts.
You visited 2 branches of the dungeon, and saw 11 of its levels.
You also visited: Ossuary.

You collected 847 gold pieces.
You spent 192 gold pieces at shops.

Inventory:

Hand Weapons
 a - a +1 shortbow of electrocution
 f - a +4 triple crossbow of freezing
 w - a +1 shortbow of freezing (weapon)
Missiles
 m - a throwing net
Armour
 d - a +2 helmet (worn)
 z - a +0 leather armour of fire resistance (worn)
 A - a +1 pair of gloves (worn)
Jewellery
 e - a +4 ring of slaying (left hand)
 x - a +6 ring of strength (right hand)
 y - an amulet of reflection (around neck)
Wands
 n - a wand of roots (11)
 t - a wand of flame (65)
Scrolls
 b - 4 scrolls of immolation
 c - a scroll of silence
 g - 5 scrolls of fear
 i - 12 scrolls of teleportation
 j - a scroll of identify
 o - 2 scrolls of blinking
 v - a scroll of brand weapon
 B - a scroll of enchant armour
Potions
 h - 3 potions of heal wounds
 k - 7 potions of curing
 l - 3 potions of resistance
 p - a potion of berserk rage {unknown}
 q - 3 potions of attraction
 r - a potion of magic {unknown}
 s - a potion of cancellation {unknown}
 u - a potion of flight {unknown}


   Skills:
 - Level 1.7 Fighting
 + Level 15.8 Ranged Weapons
 - Level 1.7 Dodging
 - Level 0.8 Stealth


You had 9 spell levels left.
You didn't know any spells.
Your spell library contained the following spells:

 Spells                   Type           Power      Damage    Failure   Level
 Apportation              Tloc           0%         N/A       38%         1
 Beastly Appendage        Tmut           0%         N/A       38%         1
 Freeze                   Ice            0%         1d3       38%         1
 Magic Dart               Conj           0%         1d3       38%         1
 Sandblast                Erth           0%         2d4       38%         1
 Passwall                 Tmut/Erth      0%         N/A       54%         2
 Searing Ray              Conj           0%         2d4       54%         2
 Wereblood                Tmut           0%         N/A       54%         2
 Dazzling Flash           Conj/Hex       0%         N/A       77%         3
 Frozen Ramparts          Ice            0%         1d1       77%         3
 Hailstorm                Conj/Ice       0%         3d3       77%         3
 Spider Form              Tmut/Pois      0%         N/A       77%         3
 Stone Arrow              Conj/Erth      0%         3d7       77%         3
 Fulminant Prism          Conj/Hex       0%         3d5       99%         4
 Agony                    Necr           0%         N/A       100%        5
 Alistair's Intoxication  Tmut/Pois      0%         N/A       100%        5
 Silence                  Hex/Air        0%         N/A       100%        5


Dungeon Overview and Level Annotations

Branches:
Dungeon (10/15)            Temple (0/1) D:7            Lair (1/5) D:9
Ossuary (visited)
    Orc: D:9-12

Shops:
D:3 (   D:6 *


Innate Abilities, Weirdness & Mutations

You have an increased reservoir of magic. (+10% MP)
You shall have no god before yourself.
Your divine heritage dramatically boosts your attributes as you level up.


Message History

The skyshark tail-slaps you but does no damage.
The rime drake bites you but does no damage.
The skyshark attacks as you move away!
The skyshark bites you but does no damage.
You block the skyshark's attack. The skyshark bites you!
The skyshark tastes blood and grows stronger!
The skyshark barely misses you. The skyshark bites you.
The skyshark enters a blood-rage!
You block the skyshark's attack.
You feel much better. The ice encasing you melts away.
You block the skyshark's attack.
The skyshark tail-slaps you but does no damage.
The skyshark bites you! The skyshark tail-slaps you!
The skyshark closely misses you. You block the skyshark's attack.
You feel much better. The skyshark bites you!
The skyshark closely misses you. x2
The skyshark tail-slaps you but does no damage.
You feel much better. You block the skyshark's attack. x2
The skyshark completely misses you.
The skyshark tail-slaps you but does no damage.
You shoot an arrow. The arrow hits the skyshark!
The skyshark seems to slow down.
The arrow freezes the skyshark.
The skyshark is lightly wounded.
The skyshark bites you! The skyshark completely misses you.
You shoot an arrow. The arrow barely misses the skyshark.
The arrow barely misses the rime drake.
The skyshark bites you!
The skyshark tail-slaps you but does no damage.
You shoot an arrow. The arrow closely misses the skyshark.
The arrow misses the rime drake.
The skyshark is no longer moving slowly.
The skyshark bites you!!
* * * LOW HITPOINT WARNING * * *
The skyshark tail-slaps you.
* * * LOW HITPOINT WARNING * * *
You shoot an arrow.
The arrow completely misses the skyshark.
The arrow hits the rime drake!
The rime drake is almost dead.
The skyshark bites you!!
You die...

♣#... ... ♣♣..# ♣.. ♣♣...#
.. ♣..#.# .. ##.#..## #.
#..##..# ###† ### ##.##..#
..##...###.#######.##..##
.......kl@.........##)..#
........######.######...##
.....#### ### #..".# ..##
##..†.# . ###.#[...
#........ #........
#.....>#. ##.....#†


You could see a skyshark (berserk) and a rime drake.

Vanquished Creatures
  A two-headed ogre (D:9)
  A cane toad (Lair:1)
  3 blink frogs (Lair:1)
  3 wyverns
  A vampire (D:10)
  2 wraiths
  10 yaks (D:10)
  A steam dragon (D:7)
  2 wargs (D:9)
  An acid dragon (D:9)
  2 sky beasts
  2 water moccasins (D:5)
  2 ice beasts
  6 orc warriors
  A black bear (D:6)
  An ogre (D:10)
  3 centaurs
  7 kobold brigands
  5 bullfrogs
  A gnoll sergeant (D:8)
  A necrophage (D:5)
  6 wights
  4 howler monkeys
  4 hounds
  A jelly (D:7)
  3 orc priests
  Natasha (thrice) (D:3)
  3 iguanas
  13 orc wizards
  2 mummies
  5 gnolls (D:8)
  6 adders
  2 shadow imps
  A white imp (D:7)
  A worm (D:5)
  40 orcs
  2 endoplasms
  4 giant cockroaches
  3 hobgoblins
  8 jackals
  26 kobolds
  5 ball pythons
  A bat (D:2)
  A frilled lizard (D:1)
  3 gnoll skeletons (Ossuary)
  4 goblins
  5 kobold skeletons (Ossuary)
  17 orc skeletons (Ossuary)
  7 rats
236 creatures vanquished.

Vanquished Creatures (others)
  A fungus (Lair:1)
  A plant (D:9)
2 creatures vanquished.

Grand Total: 238 creatures vanquished

Notes
Turn   | Place    | Note
-------+----------+-------------------------------------------
     0 | D:1      | HoaS the Demigod Hunter began the quest for the Orb.
     0 | D:1      | Reached XP level 1. HP: 17/17 MP: 3/3
     2 | D:1      | Noticed a demigod
     4 | D:1      | Noticed a meteoran
     4 | D:1      | Noticed a spriggan
     6 | D:1      | Noticed an ogre
     6 | D:1      | Noticed a naga
     8 | D:1      | Noticed a demonspawn
     8 | D:1      | Noticed an elf
    10 | D:1      | Noticed a merfolk
    10 | D:1      | Noticed a vampire
    12 | D:1      | Noticed a ghoul
    12 | D:1      | Noticed a troll
    14 | D:1      | Noticed a human
    14 | D:1      | Noticed a felid
    16 | D:1      | Noticed a minotaur
    16 | D:1      | Noticed an octopode
    18 | D:1      | Noticed a gargoyle
    18 | D:1      | Noticed a formicid
    20 | D:1      | Noticed a tengu
    20 | D:1      | Noticed an armataur
    22 | D:1      | Noticed a vine stalker
    24 | D:1      | Noticed a draconian
    24 | D:1      | Noticed a meteoran
    26 | D:1      | Noticed a tengu
    26 | D:1      | Noticed a vine stalker
   197 | D:1      | You fall into a shaft and drop 1 floor!
   229 | D:2      | Reached skill level 4 in Ranged Weapons
   229 | D:2      | Reached XP level 2. HP: 24/24 MP: 4/4
   736 | D:2      | Reached XP level 3. HP: 29/29 MP: 5/5
  1127 | D:3      | Found Awotif's Antique Weapon Emporium.
  1134 | D:3      | Noticed Natasha
  1138 | D:3      | Killed Natasha
  1139 | D:3      | Reached skill level 5 in Ranged Weapons
  1569 | D:3      | Noticed Natasha
  1573 | D:3      | Killed Natasha
  1574 | D:3      | Reached XP level 4. HP: 32/36 MP: 6/6
  2010 | D:4      | Reached skill level 6 in Ranged Weapons
  2010 | D:4      | Reached XP level 5. HP: 41/41 MP: 7/7
  2335 | D:4      | Noticed a sky beast
  2343 | D:4      | Killed a sky beast
  2481 | D:5      | Entered Level 5 of the Dungeon
  2508 | D:5      | Found a sand-covered staircase.
  2523 | Ossuary  | Entered an ossuary
  2523 | Ossuary  | Noticed a wraith
  2523 | Ossuary  | Noticed a wraith
  2523 | Ossuary  | Noticed a wraith
  2560 | Ossuary  | Reached XP level 6. HP: 48/48 MP: 8/8
  2590 | Ossuary  | Noticed a wraith
  2630 | Ossuary  | Killed a wraith
  2631 | Ossuary  | Reached skill level 7 in Ranged Weapons
  2895 | D:5      | Reached skill level 8 in Ranged Weapons
  2908 | D:5      | Reached XP level 7. HP: 44/53 MP: 9/9
  3368 | D:5      | Reached skill level 9 in Ranged Weapons
  3715 | D:6      | Found Nautu's Assorted Antiques.
  3722 | D:6      | Bought a potion of heal wounds for 120 gold pieces
  3722 | D:6      | Bought a scroll of teleportation for 72 gold pieces
  4029 | D:6      | Reached XP level 8. HP: 60/60 MP: 10/10
  4099 | D:6      | Reached skill level 10 in Ranged Weapons
  4427 | D:6      | Reached skill level 11 in Ranged Weapons
  4892 | D:7      | Found a staircase to the Ecumenical Temple.
  5285 | D:8      | Reached skill level 12 in Ranged Weapons
  5285 | D:8      | Reached XP level 9. HP: 40/67 MP: 6/11
  5513 | D:3      | Noticed Natasha
  5521 | D:3      | Killed Natasha
  7235 | D:9      | Noticed a two-headed ogre
  7281 | D:9      | Noticed a two-headed ogre
  7334 | D:9      | Reached skill level 13 in Ranged Weapons
  7454 | D:9      | Identified a scroll of acquirement
  7454 | D:9      | Acquired a +4 triple crossbow of freezing
  7485 | D:9      | Killed a two-headed ogre
  7579 | D:9      | Found a staircase to the Lair.
  7636 | D:9      | Reached skill level 14 in Ranged Weapons
  7980 | D:9      | Reached XP level 10. HP: 70/73 MP: 13/13
  8115 | D:10     | Entered Level 10 of the Dungeon
  8468 | D:10     | Reached skill level 15 in Ranged Weapons
  9226 | Lair:1   | Entered Level 1 of the Lair of Beasts
  9326 | Lair:1   | Noticed a skyshark
  9339 | Lair:1   | Mangled by a skyshark

Illustrated notes

Levels and vault maps discovered:
D:1:      kb_arrival_jail, layout_loops_cross
D:2:      layout_rooms
D:3:      layout_basic, nicolae_overflow_hidden_temple, serial_shops,
          nicolae_shop_trees, uniq_natasha
D:4:      layout_basic, cheibriados_altar_1, nicolae_underground_beach
D:5:      layout_rooms, led_sif_book, gup_ossuary_entry_pyramid
D:6:      layout_basic, serial_shops, shop
D:7:      layout_loops_ring, nicolae_ru_sacrificial_ziggurat, temple_hall,
          minmay_fractal_squares_5
D:8:      layout_layer_cave
D:9:      layout_loops_ring, lemuel_crystal_altar, erik_lair_orcish_takeover,
          nicolae_fountain_basement
D:10:     layout_roguey [special_room_orc], hangedman_abyss_or_decor_lesser_grid
Lair:1:   gammafunk_lair_enchanted_lake, layout_misc_corridors,
          lemuel_oklob_altar

Skill      XL: |  1  2  3  4  5  6  7  8  9 10 |
---------------+-------------------------------+-----
Ranged Weapons | 4 5 6 8 9 12 14 15 | 15.8
Fighting       | |  1.7
Dodging        | |  1.7
Stealth        | |  0.8

Action                     |  1- 3 |  4- 6 |  7- 9 | 10-12 || total
---------------------------+-------+-------+-------+-------++-------
   Fire: Shortbow          |    53 |   143 |   264 |   175 ||   635
    Use: Scroll            |     6 |     8 |     9 |     1 ||    24
         Potion            |       |     1 |     1 |     3 ||     5
 Armour: Leather armour    |     3 |    11 |    13 |    19 ||    46
  Dodge: Dodged            |     3 |    18 |    73 |    37 ||   131
  Block: Other             |       |       |     2 |    19 ||    21

Table legend: (Time is in decaauts)
 A = Elapsed time spent in this place.
 B = Non-inter-level travel time spent in this place.
 C = Inter-level travel time spent in this place.
 D = Time resting spent in this place.
 E = Time spent auto-exploring this place.
 F = Levels seen in this place.
 G = Mean time per level.
                   A        B        C        D        E       F      G
               +--------+--------+--------+--------+--------+-----+--------+
         Total |   9370 |   8528 |    842 |   1349 |   5931 |  12 |  780.8 |
       Dungeon |   8931 |   8090 |    841 |   1236 |   5769 |  10 |  893.1 |
          Lair |    103 |    103 |      0 |      0 |     57 |   1 |  103.0 |
       Ossuary |    335 |    335 |      0 |    113 |    105 |   1 |  335.0 |
               +--------+--------+--------+--------+--------+-----+--------+

Top non-repeatable levels by time:
     D:8: 1700 daAuts
    D:10: 1000 daAuts
     D:3: 937 daAuts
     D:6: 891 daAuts
     D:4: 888 daAuts
     D:7: 885 daAuts
     D:9: 861 daAuts
     D:5: 828 daAuts
     D:1: 539 daAuts
     D:2: 398 daAuts
 Ossuary: 335 daAuts
  Lair:1: 103 daAuts
